 Dungeon Crawl Stone Soup version 0.22.1-1-ga44c0e56f4 (webtiles) character file.

3361 Nebulos the Thaumaturge (level 9, -5/47 HPs)
             Began as a Deep Elf Fire Elementalist on Sept 20, 2018.
             Was a Believer of Dithmenos.
             Slain by Harold
             ... wielding a +0 short sword
              (18 damage)
             ... on level 8 of the Dungeon.
             The game lasted 00:28:35 (8089 turns).

Nebulos the Thaumaturge (DEFE)                      Turns: 8089, Time: 00:28:36

Health: -5/47      AC:  6    Str:  5    XL:     9   Next: 73%
Magic:  33/34      EV:  8    Int: 24    God:    Dithmenos [**....]
Gold:   346        SH:  0    Dex: 15    Spells: 18/29 levels left

rFire    . . .     SeeInvis .   k - +1 mace (crush)
rCold    . . .     Gourm    .   (no shield)
rNeg     . . .     Faith    .   a - +0 robe
rPois    .         Spirit   .   (no helmet)
rElec    .         Reflect  .   b - +2 cloak
rCorr    .         Harm     .   B - +0 pair of gloves
MR       .....                  (no boots)
Stlth    +++++.....             (no amulet)
HPRegen  0.15/turn              n - ring of wizardry
MPRegen  0.24/turn              d - ring of magical power

@: held, wreathed by umbra
A: no striking features
a: Shadow Step, Renounce Religion


You were on level 8 of the Dungeon.
You worshipped Dithmenos.
Dithmenos was pleased with you.
You were very hungry.

You visited 1 branch of the dungeon, and saw 8 of its levels.
You also visited: Sewer.

You collected 346 gold pieces.

Inventory:

Hand Weapons
 g - a +1 mace of holy wrath
 k - a +1 mace of crushing (weapon)
 x - a +0 rapier of speed
Armour
 a - a +0 robe (worn)
 b - a +2 cloak (worn)
 B - a +0 pair of gloves (worn)
Jewellery
 d - a ring of magical power (right hand)
 n - a ring of wizardry (left hand)
 p - an uncursed ring of protection from fire
Wands
 s - a wand of iceblast (10)
 y - a wand of scattershot (5)
 D - a wand of random effects (28)
 E - a wand of disintegration (15)
Scrolls
 f - 2 scrolls of fog
 i - 6 scrolls of identify
 j - a scroll of summoning {unknown}
 m - 3 scrolls of remove curse
 o - 2 scrolls of enchant weapon {unknown}
 q - 2 scrolls of enchant armour {unknown}
 r - 5 scrolls of teleportation {unknown}
 w - 2 scrolls of amnesia {unknown}
 A - a scroll of acquirement {unknown}
Potions
 e - 3 potions of curing
 h - 2 potions of degeneration {unknown}
 l - a potion of lignification {unknown}
 t - a potion of might {unknown}
 u - a potion of haste {unknown}
 v - 2 potions of magic
 z - a potion of mutation {unknown}
 C - 2 potions of heal wounds {unknown}
Comestibles
 c - 14 rations


   Skills:
 + Level 1.5 Fighting
 + Level 5.5 Dodging
 * Level 6.9 Stealth
 + Level 10.9 Spellcasting
 + Level 7.2 Conjurations
 + Level 7.1 Fire Magic


You had 18 spell levels left.
You knew the following spells:

 Your Spells              Type           Power        Failure   Level  Hunger
a - Flame Tongue          Conj/Fire      #####        1%          1    None
b - Conjure Flame         Conj/Fire      #####...     1%          3    None
c - Throw Flame           Conj/Fire      #####.       1%          2    None
d - Fireball              Conj/Fire      #####.....   2%          5    ####...

Your spell library contained the following spells:

 Spells                   Type           Power        Failure   Level  Hunger
 Inner Flame              Hex/Fire       ####....     1%          3    None
 Sticky Flame             Conj/Fire      #####...     1%          4    None
 Recall                   Summ/Tloc      N/A          6%          3    None
 Animate Dead             Necr           N/A          19%         4    None
 Borgnjor's Vile Clutch   Necr/Erth      ##........   45%         5    ####...
 Death Channel            Necr           ##........   95%         6    #####..
 Simulacrum               Ice/Necr       ##........   95%         6    #####..


Dungeon Overview and Level Annotations

Branches:
Dungeon (8/15)
 Temple: D:4-7         Lair: D:8-11

Altars:
Cheibriados
Dithmenos
Fedhas
Kikubaaqudgha
Makhleb
Okawaru
Ru
Wu Jian
Zin

Annotations:
D:8 Grum, Harold


Message History

* * * LOW HITPOINT WARNING * * *
Casting: Flame Tongue (safe; 1% risk of failure)
Confirm with . or Enter, or press ? or * to list all spells.
Aiming: Flame Tongue (safe; 1% risk of failure)
Press: ? - help, Shift-Dir - straight line, f/p - Grum
Aim: Grum, wielding a spear and wearing an animal skin (heavily wounded, umbra)
The flame tongue misses Grum.
Grum hits you but does no damage. Harold hits you but does no damage.
Casting: Flame Tongue (safe; 1% risk of failure)
Confirm with . or Enter, or press ? or * to list all spells.
Aiming: Flame Tongue (safe; 1% risk of failure)
Press: ? - help, Shift-Dir - straight line, f/p - Grum
Aim: Grum, wielding a spear and wearing an animal skin (heavily wounded, umbra)
The flame tongue hits Grum.
Grum appears unharmed.
Grum is heavily wounded.
Grum hits you from afar with a spear!
* * * LOW HITPOINT WARNING * * *
Harold hits you but does no damage.
You feel better. Grum barely misses you. Harold hits you with a short sword!!
You die...

#.# ... #.# #.# #.#
### #.# #.# .. #.#
#.# .# #.# #.##.###
#.# #.#....##.#
#.######..........
#.##......@@......
###
#.##.###..†...#.##
..#####.##.###.#..g.#
...........#...##.#.#
#.......####.### †..#
######### #.# ....
###.#######..
#........# #.#
#####.....##.#


You could see Harold and Grum.

Vanquished Creatures
  Grinder (D:5)
  Duvessa (D:5)
  2 ice beasts
  2 orc warriors (D:6)
  A black bear (D:6)
  2 phantoms
  5 ogres
  4 wolves
  3 centaurs
  4 big kobolds
  2 bullfrogs (D:6)
  Dowan (D:5)
  4 howler monkeys
  A centaur zombie (D:7)
  An orc priest (D:5)
  2 jellies
  4 orc wizards
  7 worker ants
  A hound zombie (D:6)
  Robin (D:2)
  11 gnolls
  13 adders
  3 shadow imps
  3 oozes
  2 adder zombies
  4 worms
  A dart slug (D:2)
  6 leopard geckos
  20 orcs
  9 giant cockroaches
  13 goblins
  12 hobgoblins
  2 quokkas
  4 ball pythons
  6 bats
  3 frilled lizards
  19 kobolds
  A leopard gecko skeleton (D:4)
  A quokka skeleton (D:6)
  14 rats
  2 rat zombies (D:6)
198 creatures vanquished.

Notes
Turn   | Place    | Note
-------+----------+-------------------------------------------
     0 | D:1      | Nebulos the Deep Elf Fire Elementalist began the quest for
                  | the Orb.
     0 | D:1      | Reached XP level 1. HP: 10/10 MP: 6/6
   300 | D:1      | Reached XP level 2. HP: 15/15 MP: 6/8
   791 | D:2      | Reached XP level 3. HP: 19/19 MP: 6/9
   791 | D:2      | Noticed an ogre
   835 | D:2      | Noticed a centaur
   842 | D:2      | Killed a centaur
   842 | D:2      | Reached skill level 4 in Spellcasting
   842 | D:2      | Reached XP level 4. HP: 6/24 MP: 6/12
   887 | D:2      | Learned a level 3 spell: Conjure Flame
   890 | D:2      | Learned a level 2 spell: Throw Flame
  1470 | D:2      | Reached XP level 5. HP: 28/28 MP: 11/13
  1472 | D:2      | Noticed Robin
  1494 | D:2      | Killed Robin
  1791 | D:2      | Killed an ogre
  1791 | D:2      | Reached skill level 5 in Spellcasting
  1840 | D:2      | Found an iron altar of Okawaru.
  1931 | D:2      | Reached skill level 5 in Fire Magic
  1934 | D:2      | Reached XP level 6. HP: 20/32 MP: 9/16
  2043 | D:2      | Found a shadowy altar of Dithmenos.
  2105 | D:2      | Became a worshipper of Dithmenos the Shadowed
  2438 | D:3      | Learned a level 5 spell: Fireball
  2773 | D:3      | Found a sacrificial altar of Ru.
  2794 | D:3      | Reached * piety under Dithmenos
  3246 | D:4      | Reached skill level 6 in Spellcasting
  3247 | D:4      | Noticed Grinder
  3297 | D:5      | Entered Level 5 of the Dungeon
  3533 | D:5      | Found a snail-covered altar of Cheibriados.
  3558 | D:5      | Reached XP level 7. HP: 35/36 MP: 18/18
  3642 | D:5      | Found an ornate altar of the Wu Jian Council.
  3662 | D:5      | Killed Grinder
  3662 | D:5      | Reached skill level 7 in Spellcasting
  3856 | D:5      | Found a burning altar of Makhleb.
  3858 | D:5      | Noticed a green death
  3884 | D:5      | Found a glowing drain.
  3901 | Sewer    | Entered a sewer
  4085 | Sewer    | Reached skill level 5 in Conjurations
  4091 | Sewer    | Reached ** piety under Dithmenos
  4091 | Sewer    | Reached XP level 8. HP: 36/42 MP: 12/21
  4451 | D:5      | Found a glowing silver altar of Zin.
  4589 | D:5      | Noticed Dowan
  4593 | D:5      | Noticed Duvessa
  4595 | D:5      | Killed Dowan
  4754 | D:5      | Killed Duvessa
  4754 | D:5      | Reached skill level 8 in Spellcasting
  4934 | D:6      | Reached skill level 5 in Stealth
  5290 | D:6      | Reached skill level 1 in Fighting
  5290 | D:6      | Reached skill level 9 in Spellcasting
  5754 | D:6      | Reached XP level 9. HP: 47/47 MP: 19/24
  6639 | D:6      | Found an ancient bone altar of Kikubaaqudgha.
  6731 | D:7      | Reached skill level 5 in Dodging
  6910 | D:7      | Reached skill level 10 in Spellcasting
  7606 | D:8      | Noticed Grum
  7673 | D:7      | Reached *** piety under Dithmenos
  8050 | D:8      | Found a blossoming altar of Fedhas.
  8077 | D:8      | Noticed Harold
  8088 | D:8      | HP: 2/47 [Grum/spear (10)]
  8089 | D:8      | Slain by Harold

Skill      XL: |  1  2  3  4  5  6  7  8  9 |
---------------+----------------------------+-----
Fire Magic     | 4 5 6 7 |  7.1
Dodging        | 3 4 5 |  5.5
Spellcasting   | 4 5 6 7 9 10 | 10.9
Conjurations   | 2 4 5 6 7 |  7.2
Stealth        | 3 5 6 |  6.9
Fighting       | 1 |  1.5

Action                   |  1- 3 |  4- 6 |  7- 9 || total
-------------------------+-------+-------+-------++-------
Melee: Dagger            |    40 |    72 |       ||   112
       Unarmed           |     2 |       |       ||     2
       Mace              |       |    26 |    89 ||   115
 Cast: Flame Tongue      |    39 |   125 |   209 ||   373
       Conjure Flame     |       |     5 |     7 ||    12
       Throw Flame       |       |     5 |     9 ||    14
       Fireball          |       |       |    22 ||    22
Invok: Shadow Step       |       |       |     1 ||     1
  Use: Scroll            |     2 |     2 |     2 ||     6
       Potion            |       |       |     6 ||     6
 Stab: Sleeping          |     1 |     3 |     2 ||     6
       Distracted        |       |     1 |       ||     1
  Eat: Chunk             |       |     7 |    16 ||    23
       Ration            |       |       |     1 ||     1
Armor: Robe              |    27 |    35 |    49 ||   111
Dodge: Dodged            |    44 |    91 |   175 ||   310
